Workbook
Name ListaCategorias: Config!$D$10:$D$24
Name ListaCatsGasto: Config!$A$10:$A$18
Name ListaCatsIngreso: Config!$B$10:$B$14
Name ListaCuentas: Config!$A$4:$A$6
Name ListaMeses: Config!$F$4:$F$15
Name ListaMetodos: Config!$D$4:$D$8
Name ListaTipos: Config!$A$22:$A$23
Name SaldoInicialTotal: Config!$B$7
Name TxCategoria: Transacciones!$D$5:$D$500
Name TxCuenta: Transacciones!$C$5:$C$500
Name TxFecha: Transacciones!$A$5:$A$500
Name TxImporte: Transacciones!$G$5:$G$500
Name TxImporteFirmado: Transacciones!$L$5:$L$500
Name TxTipo: Transacciones!$B$5:$B$500

Sheet Resumen
A1: Resumen Finanzas Personales (dashboard)
A3: Mes a analizar | B3: 46054
A4: Inicio mes | B4: =B3 -> 46054
A5: Fin mes | B5: =DATE(YEAR(B3),MONTH(B3)+1,0) -> 46081
A7: Ingresos (mes) | D7: Gastos (mes) | G7: Ahorro (mes)
A8: =SUMIFS(Transacciones!$G$5:$G$500,Transacciones!$B$5:$B$500,"Ingreso",Transacciones!$A$5:$A$500,">="&$B$4,Transacciones!$A$5:$A$500,"<="&$B$5) -> 2150 | D8: =SUMIFS(Transacciones!$G$5:$G$500,Transacciones!$B$5:$B$500,"Gasto",Transacciones!$A$5:$A$500,">="&$B$4,Transacciones!$A$5:$A$500,"<="&$B$5) -> 183.45 | G8: =A8-D8 -> 1966.55
A11: Tasa de ahorro | D11: Saldo estimado fin de mes | G11: Gasto hormiga (etiqueta 'hormiga')
A12: =IF(A8=0,"",G8/A8) -> 0.91467442 | D12: =Config!$B$7+SUMIFS(Transacciones!$L$5:$L$500,Transacciones!$A$5:$A$500,"<="&$B$5) -> 8353.01 | G12: =SUMIFS(Transacciones!$G$5:$G$500,Transacciones!$B$5:$B$500,"Gasto",Transacciones!$A$5:$A$500,">="&$B$4,Transacciones!$A$5:$A$500,"<="&$B$5,Transacciones!$I$5:$I$500,"hormiga") -> 7.8
A15: Gasto por categoría (mes)
A16: Categoría | B16: Total | C16: % sobre gastos
A17: Vivienda | B17: =SUMIFS(Transacciones!$G$5:$G$500,Transacciones!$B$5:$B$500,"Gasto",Transacciones!$D$5:$D$500,A17,Transacciones!$A$5:$A$500,">="&$B$4,Transacciones!$A$5:$A$500,"<="&$B$5) -> 58.1 | C17: =IFERROR(B17/D8,"") -> 0.31670755
A18: Alimentación | B18: =SUMIFS(Transacciones!$G$5:$G$500,Transacciones!$B$5:$B$500,"Gasto",Transacciones!$D$5:$D$500,A18,Transacciones!$A$5:$A$500,">="&$B$4,Transacciones!$A$5:$A$500,"<="&$B$5) -> 64.3 | C18: =IFERROR(B18/D8,"") -> 0.35050422
A19: Movilidad | B19: =SUMIFS(Transacciones!$G$5:$G$500,Transacciones!$B$5:$B$500,"Gasto",Transacciones!$D$5:$D$500,A19,Transacciones!$A$5:$A$500,">="&$B$4,Transacciones!$A$5:$A$500,"<="&$B$5) -> 0 | C19: =IFERROR(B19/D8,"") -> 0
A20: Salud | B20: =SUMIFS(Transacciones!$G$5:$G$500,Transacciones!$B$5:$B$500,"Gasto",Transacciones!$D$5:$D$500,A20,Transacciones!$A$5:$A$500,">="&$B$4,Transacciones!$A$5:$A$500,"<="&$B$5) -> 14.25 | C20: =IFERROR(B20/D8,"") -> 0.077677841
A21: Ocio | B21: =SUMIFS(Transacciones!$G$5:$G$500,Transacciones!$B$5:$B$500,"Gasto",Transacciones!$D$5:$D$500,A21,Transacciones!$A$5:$A$500,">="&$B$4,Transacciones!$A$5:$A$500,"<="&$B$5) -> 7.8 | C21: =IFERROR(B21/D8,"") -> 0.042518397
A22: Educación | B22: =SUMIFS(Transacciones!$G$5:$G$500,Transacciones!$B$5:$B$500,"Gasto",Transacciones!$D$5:$D$500,A22,Transacciones!$A$5:$A$500,">="&$B$4,Transacciones!$A$5:$A$500,"<="&$B$5) -> 39 | C22: =IFERROR(B22/D8,"") -> 0.21259199
A23: Hogar | B23: =SUMIFS(Transacciones!$G$5:$G$500,Transacciones!$B$5:$B$500,"Gasto",Transacciones!$D$5:$D$500,A23,Transacciones!$A$5:$A$500,">="&$B$4,Transacciones!$A$5:$A$500,"<="&$B$5) -> 0 | C23: =IFERROR(B23/D8,"") -> 0
A24: Suscripciones | B24: =SUMIFS(Transacciones!$G$5:$G$500,Transacciones!$B$5:$B$500,"Gasto",Transacciones!$D$5:$D$500,A24,Transacciones!$A$5:$A$500,">="&$B$4,Transacciones!$A$5:$A$500,"<="&$B$5) -> 0 | C24: =IFERROR(B24/D8,"") -> 0
A25: Imprevistos | B25: =SUMIFS(Transacciones!$G$5:$G$500,Transacciones!$B$5:$B$500,"Gasto",Transacciones!$D$5:$D$500,A25,Transacciones!$A$5:$A$500,">="&$B$4,Transacciones!$A$5:$A$500,"<="&$B$5) -> 0 | C25: =IFERROR(B25/D8,"") -> 0
A27: Evolución mensual (año)
A28: Mes | B28: Ingresos | C28: Gastos | D28: Ahorro | E28: Saldo fin de mes
A29: 46023 | B29: =SUMIFS(Transacciones!$G$5:$G$500,Transacciones!$B$5:$B$500,"Ingreso",Transacciones!$A$5:$A$500,">="&A29,Transacciones!$A$5:$A$500,"<="&DATE(YEAR(A29),MONTH(A29)+1,0)) -> 2608.2 | C29: =SUMIFS(Transacciones!$G$5:$G$500,Transacciones!$B$5:$B$500,"Gasto",Transacciones!$A$5:$A$500,">="&A29,Transacciones!$A$5:$A$500,"<="&DATE(YEAR(A29),MONTH(A29)+1,0)) -> 1101.74 | D29: =B29-C29 -> 1506.46 | E29: =Config!$B$7+SUMIFS(Transacciones!$L$5:$L$500,Transacciones!$A$5:$A$500,"<="&DATE(YEAR(A29),MONTH(A29)+1,0)) -> 6386.46
A30: 46054 | B30: =SUMIFS(Transacciones!$G$5:$G$500,Transacciones!$B$5:$B$500,"Ingreso",Transacciones!$A$5:$A$500,">="&A30,Transacciones!$A$5:$A$500,"<="&DATE(YEAR(A30),MONTH(A30)+1,0)) -> 2150 | C30: =SUMIFS(Transacciones!$G$5:$G$500,Transacciones!$B$5:$B$500,"Gasto",Transacciones!$A$5:$A$500,">="&A30,Transacciones!$A$5:$A$500,"<="&DATE(YEAR(A30),MONTH(A30)+1,0)) -> 183.45 | D30: =B30-C30 -> 1966.55 | E30: =Config!$B$7+SUMIFS(Transacciones!$L$5:$L$500,Transacciones!$A$5:$A$500,"<="&DATE(YEAR(A30),MONTH(A30)+1,0)) -> 8353.01
A31: 46082 | B31: =SUMIFS(Transacciones!$G$5:$G$500,Transacciones!$B$5:$B$500,"Ingreso",Transacciones!$A$5:$A$500,">="&A31,Transacciones!$A$5:$A$500,"<="&DATE(YEAR(A31),MONTH(A31)+1,0)) -> 0 | C31: =SUMIFS(Transacciones!$G$5:$G$500,Transacciones!$B$5:$B$500,"Gasto",Transacciones!$A$5:$A$500,">="&A31,Transacciones!$A$5:$A$500,"<="&DATE(YEAR(A31),MONTH(A31)+1,0)) -> 0 | D31: =B31-C31 -> 0 | E31: =Config!$B$7+SUMIFS(Transacciones!$L$5:$L$500,Transacciones!$A$5:$A$500,"<="&DATE(YEAR(A31),MONTH(A31)+1,0)) -> 8353.01
A32: 46113 | B32: =SUMIFS(Transacciones!$G$5:$G$500,Transacciones!$B$5:$B$500,"Ingreso",Transacciones!$A$5:$A$500,">="&A32,Transacciones!$A$5:$A$500,"<="&DATE(YEAR(A32),MONTH(A32)+1,0)) -> 0 | C32: =SUMIFS(Transacciones!$G$5:$G$500,Transacciones!$B$5:$B$500,"Gasto",Transacciones!$A$5:$A$500,">="&A32,Transacciones!$A$5:$A$500,"<="&DATE(YEAR(A32),MONTH(A32)+1,0)) -> 0 | D32: =B32-C32 -> 0 | E32: =Config!$B$7+SUMIFS(Transacciones!$L$5:$L$500,Transacciones!$A$5:$A$500,"<="&DATE(YEAR(A32),MONTH(A32)+1,0)) -> 8353.01
A33: 46143 | B33: =SUMIFS(Transacciones!$G$5:$G$500,Transacciones!$B$5:$B$500,"Ingreso",Transacciones!$A$5:$A$500,">="&A33,Transacciones!$A$5:$A$500,"<="&DATE(YEAR(A33),MONTH(A33)+1,0)) -> 0 | C33: =SUMIFS(Transacciones!$G$5:$G$500,Transacciones!$B$5:$B$500,"Gasto",Transacciones!$A$5:$A$500,">="&A33,Transacciones!$A$5:$A$500,"<="&DATE(YEAR(A33),MONTH(A33)+1,0)) -> 0 | D33: =B33-C33 -> 0 | E33: =Config!$B$7+SUMIFS(Transacciones!$L$5:$L$500,Transacciones!$A$5:$A$500,"<="&DATE(YEAR(A33),MONTH(A33)+1,0)) -> 8353.01
A34: 46174 | B34: =SUMIFS(Transacciones!$G$5:$G$500,Transacciones!$B$5:$B$500,"Ingreso",Transacciones!$A$5:$A$500,">="&A34,Transacciones!$A$5:$A$500,"<="&DATE(YEAR(A34),MONTH(A34)+1,0)) -> 0 | C34: =SUMIFS(Transacciones!$G$5:$G$500,Transacciones!$B$5:$B$500,"Gasto",Transacciones!$A$5:$A$500,">="&A34,Transacciones!$A$5:$A$500,"<="&DATE(YEAR(A34),MONTH(A34)+1,0)) -> 0 | D34: =B34-C34 -> 0 | E34: =Config!$B$7+SUMIFS(Transacciones!$L$5:$L$500,Transacciones!$A$5:$A$500,"<="&DATE(YEAR(A34),MONTH(A34)+1,0)) -> 8353.01
A35: 46204 | B35: =SUMIFS(Transacciones!$G$5:$G$500,Transacciones!$B$5:$B$500,"Ingreso",Transacciones!$A$5:$A$500,">="&A35,Transacciones!$A$5:$A$500,"<="&DATE(YEAR(A35),MONTH(A35)+1,0)) -> 0 | C35: =SUMIFS(Transacciones!$G$5:$G$500,Transacciones!$B$5:$B$500,"Gasto",Transacciones!$A$5:$A$500,">="&A35,Transacciones!$A$5:$A$500,"<="&DATE(YEAR(A35),MONTH(A35)+1,0)) -> 0 | D35: =B35-C35 -> 0 | E35: =Config!$B$7+SUMIFS(Transacciones!$L$5:$L$500,Transacciones!$A$5:$A$500,"<="&DATE(YEAR(A35),MONTH(A35)+1,0)) -> 8353.01
A36: 46235 | B36: =SUMIFS(Transacciones!$G$5:$G$500,Transacciones!$B$5:$B$500,"Ingreso",Transacciones!$A$5:$A$500,">="&A36,Transacciones!$A$5:$A$500,"<="&DATE(YEAR(A36),MONTH(A36)+1,0)) -> 0 | C36: =SUMIFS(Transacciones!$G$5:$G$500,Transacciones!$B$5:$B$500,"Gasto",Transacciones!$A$5:$A$500,">="&A36,Transacciones!$A$5:$A$500,"<="&DATE(YEAR(A36),MONTH(A36)+1,0)) -> 0 | D36: =B36-C36 -> 0 | E36: =Config!$B$7+SUMIFS(Transacciones!$L$5:$L$500,Transacciones!$A$5:$A$500,"<="&DATE(YEAR(A36),MONTH(A36)+1,0)) -> 8353.01
A37: 46266 | B37: =SUMIFS(Transacciones!$G$5:$G$500,Transacciones!$B$5:$B$500,"Ingreso",Transacciones!$A$5:$A$500,">="&A37,Transacciones!$A$5:$A$500,"<="&DATE(YEAR(A37),MONTH(A37)+1,0)) -> 0 | C37: =SUMIFS(Transacciones!$G$5:$G$500,Transacciones!$B$5:$B$500,"Gasto",Transacciones!$A$5:$A$500,">="&A37,Transacciones!$A$5:$A$500,"<="&DATE(YEAR(A37),MONTH(A37)+1,0)) -> 0 | D37: =B37-C37 -> 0 | E37: =Config!$B$7+SUMIFS(Transacciones!$L$5:$L$500,Transacciones!$A$5:$A$500,"<="&DATE(YEAR(A37),MONTH(A37)+1,0)) -> 8353.01
A38: 46296 | B38: =SUMIFS(Transacciones!$G$5:$G$500,Transacciones!$B$5:$B$500,"Ingreso",Transacciones!$A$5:$A$500,">="&A38,Transacciones!$A$5:$A$500,"<="&DATE(YEAR(A38),MONTH(A38)+1,0)) -> 0 | C38: =SUMIFS(Transacciones!$G$5:$G$500,Transacciones!$B$5:$B$500,"Gasto",Transacciones!$A$5:$A$500,">="&A38,Transacciones!$A$5:$A$500,"<="&DATE(YEAR(A38),MONTH(A38)+1,0)) -> 0 | D38: =B38-C38 -> 0 | E38: =Config!$B$7+SUMIFS(Transacciones!$L$5:$L$500,Transacciones!$A$5:$A$500,"<="&DATE(YEAR(A38),MONTH(A38)+1,0)) -> 8353.01
A39: 46327 | B39: =SUMIFS(Transacciones!$G$5:$G$500,Transacciones!$B$5:$B$500,"Ingreso",Transacciones!$A$5:$A$500,">="&A39,Transacciones!$A$5:$A$500,"<="&DATE(YEAR(A39),MONTH(A39)+1,0)) -> 0 | C39: =SUMIFS(Transacciones!$G$5:$G$500,Transacciones!$B$5:$B$500,"Gasto",Transacciones!$A$5:$A$500,">="&A39,Transacciones!$A$5:$A$500,"<="&DATE(YEAR(A39),MONTH(A39)+1,0)) -> 0 | D39: =B39-C39 -> 0 | E39: =Config!$B$7+SUMIFS(Transacciones!$L$5:$L$500,Transacciones!$A$5:$A$500,"<="&DATE(YEAR(A39),MONTH(A39)+1,0)) -> 8353.01
A40: 46357 | B40: =SUMIFS(Transacciones!$G$5:$G$500,Transacciones!$B$5:$B$500,"Ingreso",Transacciones!$A$5:$A$500,">="&A40,Transacciones!$A$5:$A$500,"<="&DATE(YEAR(A40),MONTH(A40)+1,0)) -> 0 | C40: =SUMIFS(Transacciones!$G$5:$G$500,Transacciones!$B$5:$B$500,"Gasto",Transacciones!$A$5:$A$500,">="&A40,Transacciones!$A$5:$A$500,"<="&DATE(YEAR(A40),MONTH(A40)+1,0)) -> 0 | D40: =B40-C40 -> 0 | E40: =Config!$B$7+SUMIFS(Transacciones!$L$5:$L$500,Transacciones!$A$5:$A$500,"<="&DATE(YEAR(A40),MONTH(A40)+1,0)) -> 8353.01

Sheet Transacciones
A1: Registro de transacciones
A2: Rellena una fila por movimiento. Columnas con desplegables: Tipo, Cuenta, Categoría, Método.
A4: Fecha | B4: Tipo | C4: Cuenta | D4: Categoría | E4: Subcategoría | F4: Descripción | G4: Importe | H4: Método | I4: Etiquetas | J4: Mes | K4: Año | L4: Importe firmado | M4: Saldo total
A5: 46025 | B5: Ingreso | C5: Cuenta nómina | D5: Nómina | E5: Salario | F5: Ingreso mensual | G5: 2150 | H5: Transferencia | I5: Enero | J5: =TEXT(A5,"mmm") -> ene | K5: =YEAR(A5) -> 2026 | L5: =IF(B5="Gasto",-G5,IF(B5="Ingreso",G5,0)) -> 2150 | M5: =Config!$B$7+SUM($L$5:L5) -> 7030
A6: 46026 | B6: Gasto | C6: Cuenta nómina | D6: Vivienda | E6: Alquiler | F6: Renta piso | G6: 920 | H6: Domiciliación | J6: =TEXT(A6,"mmm") -> ene | K6: =YEAR(A6) -> 2026 | L6: =IF(B6="Gasto",-G6,IF(B6="Ingreso",G6,0)) -> -920 | M6: =Config!$B$7+SUM($L$5:L6) -> 6110
A7: 46028 | B7: Gasto | C7: Tarjeta débito | D7: Alimentación | E7: Supermercado | F7: Compra semanal | G7: 76.45 | H7: Tarjeta | J7: =TEXT(A7,"mmm") -> ene | K7: =YEAR(A7) -> 2026 | L7: =IF(B7="Gasto",-G7,IF(B7="Ingreso",G7,0)) -> -76.45 | M7: =Config!$B$7+SUM($L$5:L7) -> 6033.55
A8: 46030 | B8: Gasto | C8: Tarjeta débito | D8: Movilidad | E8: Transporte público | F8: Abono mensual | G8: 49 | H8: Tarjeta | J8: =TEXT(A8,"mmm") -> ene | K8: =YEAR(A8) -> 2026 | L8: =IF(B8="Gasto",-G8,IF(B8="Ingreso",G8,0)) -> -49 | M8: =Config!$B$7+SUM($L$5:L8) -> 5984.55
A9: 46032 | B9: Gasto | C9: Tarjeta débito | D9: Suscripciones | E9: Software | F9: Suscripción herramienta | G9: 12.99 | H9: Tarjeta | J9: =TEXT(A9,"mmm") -> ene | K9: =YEAR(A9) -> 2026 | L9: =IF(B9="Gasto",-G9,IF(B9="Ingreso",G9,0)) -> -12.99 | M9: =Config!$B$7+SUM($L$5:L9) -> 5971.56
A10: 46034 | B10: Ingreso | C10: Cuenta nómina | D10: Reembolso | E10: Salud | F10: Reembolso seguro | G10: 38.2 | H10: Transferencia | J10: =TEXT(A10,"mmm") -> ene | K10: =YEAR(A10) -> 2026 | L10: =IF(B10="Gasto",-G10,IF(B10="Ingreso",G10,0)) -> 38.2 | M10: =Config!$B$7+SUM($L$5:L10) -> 6009.76
A11: 46037 | B11: Gasto | C11: Tarjeta débito | D11: Ocio | E11: Cine | F11: Entradas | G11: 19.5 | H11: Tarjeta | J11: =TEXT(A11,"mmm") -> ene | K11: =YEAR(A11) -> 2026 | L11: =IF(B11="Gasto",-G11,IF(B11="Ingreso",G11,0)) -> -19.5 | M11: =Config!$B$7+SUM($L$5:L11) -> 5990.26
A12: 46040 | B12: Gasto | C12: Tarjeta débito | D12: Hogar | E12: Limpieza | F12: Productos hogar | G12: 23.8 | H12: Tarjeta | J12: =TEXT(A12,"mmm") -> ene | K12: =YEAR(A12) -> 2026 | L12: =IF(B12="Gasto",-G12,IF(B12="Ingreso",G12,0)) -> -23.8 | M12: =Config!$B$7+SUM($L$5:L12) -> 5966.46
A13: 46047 | B13: Ingreso | C13: Cuenta nómina | D13: Freelance | E13: Proyecto | F13: Servicio puntual | G13: 420 | H13: Transferencia | I13: Extra | J13: =TEXT(A13,"mmm") -> ene | K13: =YEAR(A13) -> 2026 | L13: =IF(B13="Gasto",-G13,IF(B13="Ingreso",G13,0)) -> 420 | M13: =Config!$B$7+SUM($L$5:L13) -> 6386.46
A14: 46054 | B14: Gasto | C14: Cuenta nómina | D14: Vivienda | E14: Suministros | F14: Electricidad | G14: 58.1 | H14: Domiciliación | I14: Febrero | J14: =TEXT(A14,"mmm") -> feb | K14: =YEAR(A14) -> 2026 | L14: =IF(B14="Gasto",-G14,IF(B14="Ingreso",G14,0)) -> -58.1 | M14: =Config!$B$7+SUM($L$5:L14) -> 6328.36
A15: 46055 | B15: Gasto | C15: Tarjeta débito | D15: Alimentación | E15: Supermercado | F15: Compra semanal | G15: 64.3 | H15: Tarjeta | J15: =TEXT(A15,"mmm") -> feb | K15: =YEAR(A15) -> 2026 | L15: =IF(B15="Gasto",-G15,IF(B15="Ingreso",G15,0)) -> -64.3 | M15: =Config!$B$7+SUM($L$5:L15) -> 6264.06
A16: 46058 | B16: Gasto | C16: Tarjeta débito | D16: Salud | E16: Farmacia | F16: Medicinas | G16: 14.25 | H16: Tarjeta | J16: =TEXT(A16,"mmm") -> feb | K16: =YEAR(A16) -> 2026 | L16: =IF(B16="Gasto",-G16,IF(B16="Ingreso",G16,0)) -> -14.25 | M16: =Config!$B$7+SUM($L$5:L16) -> 6249.81
A17: 46059 | B17: Ingreso | C17: Cuenta nómina | D17: Nómina | E17: Salario | F17: Ingreso mensual | G17: 2150 | H17: Transferencia | J17: =TEXT(A17,"mmm") -> feb | K17: =YEAR(A17) -> 2026 | L17: =IF(B17="Gasto",-G17,IF(B17="Ingreso",G17,0)) -> 2150 | M17: =Config!$B$7+SUM($L$5:L17) -> 8399.81
A18: 46060 | B18: Gasto | C18: Tarjeta débito | D18: Educación | E18: Cursos | F18: Curso online | G18: 39 | H18: Tarjeta | J18: =TEXT(A18,"mmm") -> feb | K18: =YEAR(A18) -> 2026 | L18: =IF(B18="Gasto",-G18,IF(B18="Ingreso",G18,0)) -> -39 | M18: =Config!$B$7+SUM($L$5:L18) -> 8360.81
A19: 46062 | B19: Gasto | C19: Tarjeta débito | D19: Ocio | E19: Café | F19: Café con amigos | G19: 7.8 | H19: Efectivo | I19: hormiga | J19: =TEXT(A19,"mmm") -> feb | K19: =YEAR(A19) -> 2026 | L19: =IF(B19="Gasto",-G19,IF(B19="Ingreso",G19,0)) -> -7.8 | M19: =Config!$B$7+SUM($L$5:L19) -> 8353.01

Sheet Presupuesto
A1: Presupuesto mensual por categoría
A2: Define presupuestos por mes y categoría. La columna Real se calcula desde Transacciones.
A4: Mes (1er día) | B4: Categoría | C4: Presupuesto | D4: Real | E4: Diferencia | F4: % ejecución | G4: Nota
A5: 46023 | B5: Vivienda | C5: 920 | D5: =SUMIFS(Transacciones!$G$5:$G$500,Transacciones!$B$5:$B$500,"Gasto",Transacciones!$D$5:$D$500,B5,Transacciones!$A$5:$A$500,">="&A5,Transacciones!$A$5:$A$500,"<="&DATE(YEAR(A5),MONTH(A5)+1,0)) -> 920 | E5: =C5-D5 -> 0 | F5: =IF(C5=0,"",D5/C5) -> 1
A6: 46023 | B6: Alimentación | C6: 320 | D6: =SUMIFS(Transacciones!$G$5:$G$500,Transacciones!$B$5:$B$500,"Gasto",Transacciones!$D$5:$D$500,B6,Transacciones!$A$5:$A$500,">="&A6,Transacciones!$A$5:$A$500,"<="&DATE(YEAR(A6),MONTH(A6)+1,0)) -> 76.45 | E6: =C6-D6 -> 243.55 | F6: =IF(C6=0,"",D6/C6) -> 0.23890625
A7: 46023 | B7: Movilidad | C7: 70 | D7: =SUMIFS(Transacciones!$G$5:$G$500,Transacciones!$B$5:$B$500,"Gasto",Transacciones!$D$5:$D$500,B7,Transacciones!$A$5:$A$500,">="&A7,Transacciones!$A$5:$A$500,"<="&DATE(YEAR(A7),MONTH(A7)+1,0)) -> 49 | E7: =C7-D7 -> 21 | F7: =IF(C7=0,"",D7/C7) -> 0.7
A8: 46023 | B8: Ocio | C8: 90 | D8: =SUMIFS(Transacciones!$G$5:$G$500,Transacciones!$B$5:$B$500,"Gasto",Transacciones!$D$5:$D$500,B8,Transacciones!$A$5:$A$500,">="&A8,Transacciones!$A$5:$A$500,"<="&DATE(YEAR(A8),MONTH(A8)+1,0)) -> 19.5 | E8: =C8-D8 -> 70.5 | F8: =IF(C8=0,"",D8/C8) -> 0.21666667
A9: 46023 | B9: Suscripciones | C9: 25 | D9: =SUMIFS(Transacciones!$G$5:$G$500,Transacciones!$B$5:$B$500,"Gasto",Transacciones!$D$5:$D$500,B9,Transacciones!$A$5:$A$500,">="&A9,Transacciones!$A$5:$A$500,"<="&DATE(YEAR(A9),MONTH(A9)+1,0)) -> 12.99 | E9: =C9-D9 -> 12.01 | F9: =IF(C9=0,"",D9/C9) -> 0.5196
A10: 46023 | B10: Salud | C10: 60 | D10: =SUMIFS(Transacciones!$G$5:$G$500,Transacciones!$B$5:$B$500,"Gasto",Transacciones!$D$5:$D$500,B10,Transacciones!$A$5:$A$500,">="&A10,Transacciones!$A$5:$A$500,"<="&DATE(YEAR(A10),MONTH(A10)+1,0)) -> 0 | E10: =C10-D10 -> 60 | F10: =IF(C10=0,"",D10/C10) -> 0
A11: 46023 | B11: Educación | C11: 40 | D11: =SUMIFS(Transacciones!$G$5:$G$500,Transacciones!$B$5:$B$500,"Gasto",Transacciones!$D$5:$D$500,B11,Transacciones!$A$5:$A$500,">="&A11,Transacciones!$A$5:$A$500,"<="&DATE(YEAR(A11),MONTH(A11)+1,0)) -> 0 | E11: =C11-D11 -> 40 | F11: =IF(C11=0,"",D11/C11) -> 0
A12: 46023 | B12: Hogar | C12: 50 | D12: =SUMIFS(Transacciones!$G$5:$G$500,Transacciones!$B$5:$B$500,"Gasto",Transacciones!$D$5:$D$500,B12,Transacciones!$A$5:$A$500,">="&A12,Transacciones!$A$5:$A$500,"<="&DATE(YEAR(A12),MONTH(A12)+1,0)) -> 23.8 | E12: =C12-D12 -> 26.2 | F12: =IF(C12=0,"",D12/C12) -> 0.476
A13: 46023 | B13: Imprevistos | C13: 60 | D13: =SUMIFS(Transacciones!$G$5:$G$500,Transacciones!$B$5:$B$500,"Gasto",Transacciones!$D$5:$D$500,B13,Transacciones!$A$5:$A$500,">="&A13,Transacciones!$A$5:$A$500,"<="&DATE(YEAR(A13),MONTH(A13)+1,0)) -> 0 | E13: =C13-D13 -> 60 | F13: =IF(C13=0,"",D13/C13) -> 0
A14: 46054 | B14: Vivienda | C14: 920 | D14: =SUMIFS(Transacciones!$G$5:$G$500,Transacciones!$B$5:$B$500,"Gasto",Transacciones!$D$5:$D$500,B14,Transacciones!$A$5:$A$500,">="&A14,Transacciones!$A$5:$A$500,"<="&DATE(YEAR(A14),MONTH(A14)+1,0)) -> 58.1 | E14: =C14-D14 -> 861.9 | F14: =IF(C14=0,"",D14/C14) -> 0.063152174
A15: 46054 | B15: Alimentación | C15: 320 | D15: =SUMIFS(Transacciones!$G$5:$G$500,Transacciones!$B$5:$B$500,"Gasto",Transacciones!$D$5:$D$500,B15,Transacciones!$A$5:$A$500,">="&A15,Transacciones!$A$5:$A$500,"<="&DATE(YEAR(A15),MONTH(A15)+1,0)) -> 64.3 | E15: =C15-D15 -> 255.7 | F15: =IF(C15=0,"",D15/C15) -> 0.2009375
A16: 46054 | B16: Movilidad | C16: 70 | D16: =SUMIFS(Transacciones!$G$5:$G$500,Transacciones!$B$5:$B$500,"Gasto",Transacciones!$D$5:$D$500,B16,Transacciones!$A$5:$A$500,">="&A16,Transacciones!$A$5:$A$500,"<="&DATE(YEAR(A16),MONTH(A16)+1,0)) -> 0 | E16: =C16-D16 -> 70 | F16: =IF(C16=0,"",D16/C16) -> 0
... A22: 46054 | B22: Imprevistos | C22: 60 | D22: =SUMIFS(Transacciones!$G$5:$G$500,Transacciones!$B$5:$B$500,"Gasto",Transacciones!$D$5:$D$500,B22,Transacciones!$A$5:$A$500,">="&A22,Transacciones!$A$5:$A$500,"<="&DATE(YEAR(A22),MONTH(A22)+1,0)) -> 0 | E22: =C22-D22 -> 60 | F22: =IF(C22=0,"",D22/C22) -> 0

Sheet Config
A1: Configuración (edita estas listas)
A3: Cuentas | B3: Saldo inicial | D3: Métodos de pago | F3: Meses
A4: Cuenta nómina | B4: 1450 | D4: Tarjeta | F4: 46023
A5: Tarjeta débito | B5: 230 | D5: Efectivo | F5: 46054
A6: Ahorro | B6: 3200 | D6: Transferencia | F6: 46082
A7: Total saldo inicial | B7: =SUM($B$4:$B$6) -> 4880 | D7: Domiciliación | F7: 46113
D8: Bizum | F8: 46143
A9: Categorías (gasto) | B9: Categorías (ingreso) | D9: Lista categorías (para desplegable) | F9: 46174
A10: Vivienda | B10: Nómina | D10: Vivienda | F10: 46204
A11: Alimentación | B11: Freelance | D11: Alimentación | F11: 46235
A12: Movilidad | B12: Reembolso | D12: Movilidad | F12: 46266
A13: Salud | B13: Intereses | D13: Salud | F13: 46296
A14: Ocio | B14: Venta puntual | D14: Ocio | F14: 46327
A15: Educación | D15: Educación | F15: 46357
A16: Hogar | D16: Hogar
A17: Suscripciones | D17: Suscripciones
A18: Imprevistos | D18: Imprevistos
D19: Nómina
D20: Freelance
A21: Tipos de movimiento | D21: Reembolso
A22: Ingreso | D22: Intereses
A23: Gasto | D23: Venta puntual
D24: Transferencias
A26: Notas: • Para personalizar: edita las listas (cuentas, categorías, métodos). Las hojas usan validación de datos. • Para transferencias entre cuentas: registra dos movimientos (un gasto en la cuenta origen y un ingreso en la cuenta destino). Fuentes consultadas (inspiración de funcionalidades, no se copia contenido): support.microsoft.com | planillaexcel.com | myonlinetraininghub.com | dost.io | smartsheet.com
